 Dungeon Crawl Stone Soup version 0.24-a0-22-g2a401c0 (webtiles) character file.

Game seed: 11171113591138172943

1667 TheGoonsmith the Geomancer (level 8, -4/44 HPs)
             Began as a Deep Elf Earth Elementalist on Feb 1, 2019.
             Was a Follower of Ashenzari.
             Killed by divine providence
             ... invoked by an orc priest
              (12 damage)
             ... on level 6 of the Dungeon.
             The game lasted 00:13:04 (7493 turns).

TheGoonsmith the Geomancer (DEEE)                   Turns: 7493, Time: 00:13:04

Health: -4/44      AC:  5    Str:  5    XL:     8   Next: 69%
Magic:  0/19       EV: 15    Int: 23    God:    Ashenzari [*.....]
Gold:   436        SH:  0    Dex: 15    Spells: 10/19 levels left

rFire    . . .     SeeInvis .   u - +1 falchion
rCold    . . .     Gourm    .   (no shield)
rNeg     . . .     Faith    .   c - +0 robe
rPois    .         Spirit   .   (no helmet)
rElec    .         Reflect  .   (no cloak)
rCorr    .         Harm     .   (no gloves)
MR       .....                  n - +2 pair of boots (curse)
Stlth    ++........             (no amulet)
HPRegen  0.14/turn              (no ring)
MPRegen  0.16/turn              (no ring)

@: no status effects
A: no striking features
a: Curse Item, Scrying, Renounce Religion


You were on level 6 of the Dungeon.
You worshipped Ashenzari.
Ashenzari was aware of your devotion.
You were not hungry.

You visited 1 branch of the dungeon, and saw 6 of its levels.
You also visited: Ossuary.

You collected 436 gold pieces.

Inventory:

Hand Weapons
 a - a +0 dagger
 u - a +1 falchion (weapon)
 z - a +0 dagger of draining
Armour
 c - a +0 robe (worn)
 n - a cursed +2 pair of boots (worn)
 w - a scarf of spirit shield
Wands
 q - a wand of digging (9)
 x - a wand of iceblast (11)
 A - a wand of flame (19)
Scrolls
 b - 2 scrolls of enchant weapon
 h - 5 scrolls of fog
 l - 5 scrolls of teleportation
 p - 4 scrolls of remove curse
 s - 8 scrolls of identify
 y - a scroll of immolation {unknown}
Potions
 e - 2 potions of cancellation {unknown}
 f - 3 potions of heal wounds
 g - 5 potions of curing
 i - 4 potions of agility
 j - a potion of flight {unknown}
 k - 3 potions of haste {unknown}
 m - 3 potions of might {unknown}
 o - 4 potions of degeneration {unknown}
 r - 3 potions of lignification
 t - 2 potions of berserk rage {unknown}
 v - a potion of magic {unknown}
 B - a potion of ambrosia {unknown}
Comestibles
 d - 7 rations


   Skills:
 + Level 2.0 Fighting
 - Level 5.3 Dodging
 - Level 2.4 Stealth
 - Level 6.2 Spellcasting
 - Level 2.0 Conjurations
   Level 1.1 Transmutations
 - Level 10.1 Earth Magic


You had 10 spell levels left.
You knew the following spells:

 Your Spells              Type           Power        Failure   Level  Hunger
a - Sandblast             Erth           ######       1%          1    None
x - Stone Arrow           Conj/Erth      #####.       1%          3    #......
z - Lee's Rapid Deconstr  Erth           ######....   3%          5    #####..

Your spell library contained the following spells:

 Spells                   Type           Power        Failure   Level  Hunger
 Passwall                 Tmut/Erth      ####....     1%          2    None
 Animate Skeleton         Necr           N/A          9%          1    None
 Apportation              Tloc           #.....       9%          1    None
 Confusing Touch          Hex            #.....       9%          1    None
 Summon Small Mammal      Summ           #...         9%          1    None
 Petrify                  Tmut/Erth      ####....     9%          4    ###....


Dungeon Overview and Level Annotations

Branches:
Dungeon (6/15)
 Temple: D:4-7

Altars:
Ashenzari
Cheibriados
Dithmenos
Fedhas
Makhleb
Okawaru
Ru
Trog


Message History

You hit the orc priest but do no damage.
You hit the orc priest but do no damage.
The orc priest closely misses you.
You hit the orc priest but do no damage.
The orc priest closely misses you.
Casting: Stone Arrow (safe; 1% risk of failure)
Confirm with . or Enter, or press ? or * to list all spells.
Aiming: Stone Arrow (safe; 1% risk of failure)
Press: ? - help, Shift-Dir - straight line, f - orc priest
Aim: an orc priest, wearing a +0 leather armour The stone arrow hits the orc priest!
The orc priest is severely wounded.
The orc priest hits you but does no damage.
You closely miss the orc priest.
The orc priest is severely wounded.
The orc priest hits you.
* * * LOW HITPOINT WARNING * * *
The orc priest mumbles some strange prayers to Beogh against you.
Beogh smites you!
You die...

################
#...............
#.##############
### #.#
.....####.########
####
......o@..........
#...
####.####.####..#.
#.## #..# ##.##
..... .....
##..### ##.## #..#
...# #.##
..p......


You could see an orc priest.

Vanquished Creatures
  Sigmund (D:3)
  Duvessa (D:5)
  An orc warrior (D:6)
  A slave (D:6)
  A phantom (D:4)
  An ogre (D:5)
  An elf skeleton (D:6)
  Dowan (D:5)
  2 wights (D:6)
  3 human zombies
  3 hounds
  3 orc wizards
  3 orc priests
  A bullfrog skeleton (D:4)
  An iguana (D:4)
  6 worker ants
  A hound skeleton (D:6)
  5 hound zombies
  4 mummies (Ossuary)
  6 adders
  3 shadow imps
  4 oozes
  An adder zombie (D:2)
  An adder skeleton (D:4)
  2 worms
  5 dart slugs
  6 leopard geckos
  24 orcs
  8 bats
  A giant cockroach (D:3)
  5 goblins
  6 hobgoblins
  8 jackals
  5 kobolds
  A quokka (D:3)
  2 ball pythons
  2 frilled lizards (D:2)
  2 goblin zombies (Ossuary)
  A jackal skeleton (D:5)
  2 kobold zombies (Ossuary)
  An orc zombie (Ossuary)
  10 rats
  2 rat zombies (Ossuary)
148 creatures vanquished.

Notes
Turn   | Place    | Note
-------+----------+-------------------------------------------
     0 | D:1      | TheGoonsmith the Deep Elf Earth Elementalist began the
                  | quest for the Orb.
     0 | D:1      | Reached XP level 1. HP: 10/10 MP: 6/6
   370 | D:1      | Reached XP level 2. HP: 4/15 MP: 5/8
  1119 | D:1      | Reached skill level 4 in Earth Magic
  1271 | D:1      | Reached XP level 3. HP: 19/19 MP: 10/10
  2159 | D:2      | Reached XP level 4. HP: 24/24 MP: 12/12
  2185 | D:2      | Found a sacrificial altar of Ru.
  2203 | D:2      | Found a blossoming altar of Fedhas.
  2261 | D:2      | Found a shattered altar of Ashenzari.
  2286 | D:2      | Became a worshipper of Ashenzari the Shackled
  2531 | D:2      | Found an iron altar of Okawaru.
  3073 | D:3      | Learned a level 3 spell: Stone Arrow
  3092 | D:3      | Noticed Sigmund
  3097 | D:3      | Killed Sigmund
  3097 | D:3      | Reached skill level 5 in Earth Magic
  3097 | D:3      | Reached XP level 5. HP: 28/28 MP: 8/15
  3150 | D:3      | Found a bloodstained altar of Trog.
  3189 | D:3      | Reached XP level 6. HP: 29/32 MP: 15/17
  3193 | D:3      | Found a faded altar of an unknown god.
  3193 | D:3      | Found a burning altar of Makhleb.
  3195 | D:3      | Reached skill level 6 in Earth Magic
  3649 | D:3      | Reached skill level 1 in Fighting
  4283 | D:4      | Found a shadowy altar of Dithmenos.
  4344 | D:4      | Learned a level 5 spell: Lee's Rapid Deconstruction
  4499 | D:4      | Reached XP level 7. HP: 40/40 MP: 14/18
  5130 | D:4      | Reached * piety under Ashenzari
  5400 | D:5      | Entered Level 5 of the Dungeon
  5402 | D:5      | Reached skill level 5 in Dodging
  5443 | D:5      | Reached skill level 7 in Earth Magic
  5606 | D:5      | Reached skill level 1 in Conjurations
  6490 | D:5      | Noticed Duvessa
  6490 | D:5      | Noticed Dowan
  6496 | D:5      | Killed Duvessa
  6496 | D:5      | Reached XP level 8. HP: 44/44 MP: 7/19
  6499 | D:5      | Killed Dowan
  6499 | D:5      | Reached skill level 8 in Earth Magic
  6756 | D:6      | Found a snail-covered altar of Cheibriados.
  6806 | D:6      | Found a sand-covered staircase.
  6820 | D:6      | Reached skill level 9 in Earth Magic
  6908 | Ossuary  | Entered an ossuary
  7485 | D:6      | Reached skill level 10 in Earth Magic
  7493 | D:6      | Killed from afar by an orc priest

Vault maps used:
D:1:      sevenhm_arrival_forest_fort_small_3, st_stairs_8, nrook_campfire
D:2:      kb_forest_paths, lemuel_doored_altar, evilmike_ruin_ashenzari,
          lemuel_round_altar, first_ration, chequers_serial_rivers_small_b,
          okawaru_ov_weapons_minmay
D:3:      makhleb_heckhound_becter, lemuel_coloured_pillars_altar,
          chequers_ecumenical_altar_island, uniq_sigmund
D:4:      grunt_dithmenos_smoke
D:5:      chequers_serial_rivers_micro_e, uniq_duvessa
D:6:      lemuel_crystal_altar, nicolae_ossuary_entry_catacombs,
          minmay_misc_feat_ornament, kennysheep_slug_shrine, uniq_pikel
Ossuary:  ossuary_minmay_tomb_2a

Skill      XL: |  1  2  3  4  5  6  7  8 |
---------------+-------------------------+-----
Spellcasting   | 4 6 |  6.2
Earth Magic    | 4 5 6 7 10 | 10.1
Dodging        | 4 5 |  5.3
Fighting       | 2 |  2.0
Conjurations   | 2 |  2.0
Stealth        | |  2.4
Transmutations | |  1.1

Action                   |  1- 3 |  4- 6 |  7- 9 || total
-------------------------+-------+-------+-------++-------
Melee: Dagger            |    70 |     8 |    10 ||    88
       Falchion          |       |    78 |   162 ||   240
 Cast: Sandblast         |    24 |    51 |    48 ||   123
       Stone Arrow       |       |       |    47 ||    47
       Lee's Rapid Decon |       |       |     3 ||     3
Invok: Curse Item        |       |     1 |       ||     1
Evoke: Wand              |       |       |     3 ||     3
  Use: Scroll            |       |    11 |     3 ||    14
       Potion            |       |       |     3 ||     3
 Stab: Sleeping          |    11 |     5 |     1 ||    17
  Eat: Chunk             |     3 |     6 |     4 ||    13
       Ration            |       |     1 |     2 ||     3
Armor: Robe              |     8 |    18 |    39 ||    65
Dodge: Dodged            |    53 |    83 |   192 ||   328
       Rpst.: Falchion   |       |    21 |    59 ||    80

Table legend:
 A = Non-vault XP
 B = Vault XP
 C = Vault XP percentage of total XP
 D = Non-vault monster count
 E = Vault monster count
 F = Vault count percentage of total count
                 A         B        C        D         E       F
            +---------+---------+-------+---------+---------+-------
      Total |    1482 |     900 |  37.8 |     117 |      30 |  20.4
            +---------+---------+-------+---------+---------+-------
        D:1 |      45 |       1 |   2.2 |      22 |       1 |   4.3
        D:2 |      99 |      29 |  22.7 |      18 |       6 |  25.0
        D:3 |     172 |     285 |  62.4 |      26 |       2 |   7.1
        D:4 |     398 |       0 |   0.0 |      18 |       0 |   0.0
        D:5 |     368 |     228 |  38.3 |      25 |       2 |   7.4
        D:6 |     400 |     131 |  24.7 |       8 |       3 |  27.3
    Ossuary |       0 |     226 | 100.0 |       0 |      16 | 100.0
            +---------+---------+-------+---------+---------+-------
